 Dungeon Sprint DCSS version 0.29-a0-322-g68df515428 (webtiles) character file.

Game seed: 13444263115428353401

2358 mhtbhm the Carver (level 9, -1/93 HPs)
             Began as a Yellow Draconian Berserker on Apr 9, 2022.
             Was a High Priest of Trog.
             Slain by a death knight
             ... wielding a +1 battleaxe
              (26 damage)
             ... in the Dungeon (Sprint IX: "|||||||||||||||||||||||||||||").
             The game lasted 00:01:11 (429 turns).

mhtbhm the Carver (Yellow Draconian Berserker)       Turns: 429, Time: 00:01:11

Health: -1/93      AC: 11    Str: 26    XL:     9   Next: 20%
Magic:  9/9        EV: 16    Int:  8    God:    Trog [*****.]
Gold:   0          SH:  0    Dex: 11    Spells: 8/8 levels left

rFire   . . .      SeeInvis .   a - +2 scimitar (holy)
rCold   . . .      Faith    .   (no shield)
rNeg    . . .      Spirit   .   (body armour unavailable)
rPois   .          Reflect  .   (helmet restricted)
rElec   .          Harm     .   k - +0 cloak
rCorr   +          Rampage  .   (no gloves)
Will    .....      NoTele   +   j - +0 pair of boots
Stlth   +.........              (no amulet)
HPRegen 0.25/turn               l - +3 ring of strength
MPRegen 0.11/turn               m - +2 ring of protection

@: short of breath, on berserk cooldown, slowed, very slow
A: spit acid, AC +7, unfitting armour, cold-blooded, acid resistance
a: Breathe Acid, Renounce Religion, Berserk, Trog's Hand, Brothers in Arms


You were in the Dungeon.
You worshipped Trog.
Trog was extremely pleased with you.
You visited 1 branch

Inventory:

Hand Weapons
 a - a +2 scimitar of holy wrath (weapon)
Armour
 j - a +0 pair of boots (worn)
 k - a +0 cloak (worn)
Jewellery
 l - a +3 ring of strength (left hand)
 m - a +2 ring of protection (right hand)
Wands
 i - a wand of iceblast (10)
Scrolls
 g - 2 scrolls of blinking
Potions
 b - 5 potions of curing
 c - a potion of heal wounds
 d - a potion of haste
 e - 4 potions of magic
 f - a potion of berserk rage
 h - a potion of invisibility


   Skills:
 + Level 13.1 Fighting
 + Level 13.7 Long Blades
 + Level 11.0 Dodging


You had 8 spell levels left.
You didn't know any spells.
Your spell library was empty.

Dungeon Overview and Level Annotations

Branches:
Dungeon (1/1)

Altars:
Cheibriados
Dithmenos
Elyvilon
Fedhas
Gozag
Hepliaklqana
Kikubaaqudgha
Makhleb
Nemelex Xobeh
Okawaru
Qazlal
Ru
Sif Muna
Trog
Uskayaw
Vehumet
Wu Jian
Xom
Yredelemnul
Zin
The Shining One
Beogh
Jiyva
Lugonu


Innate Abilities, Weirdness & Mutations

You can spit globs of acid.
Your golden yellow scales are hard. (AC +7)
You cannot fit into any form of body armour.
You are cold-blooded and may be slowed by cold attacks.
You are resistant to acid. (rCorr)


Message History

The death knight is severely wounded.
The death knight reflects your damage back at you!
You slice the death knight!!
The death knight is almost dead.
The death knight reflects your damage back at you!
You are no longer berserk.
You are exhausted.
You feel yourself slow down.
You hit the death knight but do no damage.
You tail-slap the death knight, but do no damage.
The death knight is almost dead.
The death knight's dark mirror aura disappears.
The death knight completely misses you.
The death knight hits you with a +1 battleaxe!
Unknown command.
Press: ? - help, Shift-Dir - straight line, f - death knight
Aim: a death knight, wielding a +1 battleaxe and wearing a +0 chain mail (almost dead, 64% to hit)
You spit a glob of acid.
The glob of acid misses the death knight.
The glob of acid misses the brown ugly thing.
The glob of acid hits the cyclops!
The acid corrodes the cyclops!
The acid splashes onto the tengu warrior!
The tengu warrior is splashed with acid.
The acid splashes onto the brown ugly thing!
The brown ugly thing is splashed with acid.
The acid corrodes the brown ugly thing!
The cyclops is moderately wounded.
The death knight hits you with a +1 battleaxe!!
* * * LOW HITPOINT WARNING * * *
Unknown command.
Unknown command.
Unknown command.
You can't do that yet.
Unknown command.
You feel much better.
The death knight mumbles some strange prayers to Yredelemnul against you.
Your body is wracked with pain!
* * * LOW HITPOINT WARNING * * *
The death knight hits you with a +1 battleaxe!!
You die... ▓▓▓▓▓▓▓▓▓▓▓▓▓▓▓▓▓▓▓▓▓▓▓▓ ...QCup@.....).)[...)?.' ▓▓▓▓▓▓▓▓▓▓▓▓▓▓▓▓▓▓▓▓▓▓▓▓

You could see a death knight, a brown ugly thing (corroded), a tengu warrior and a cyclops (corroded).

Vanquished Creatures
  A two-headed ogre (D)
  A deep elf pyromancer (D)
  A slime creature (D)
  A vampire (D)
  An acid dragon (D)
  A sky beast (D)
  A phantom (D)
  A howler monkey (D)
  An iguana (D)
  An adder (D)
  A dart slug (D)
  A giant cockroach (D)
  3 kobolds (D)
  A bat (D)
16 creatures vanquished.

Vanquished Creatures (collateral kills)
  A two-headed ogre (D)
  An orc warrior (D)
2 creatures vanquished.

Grand Total: 18 creatures vanquished

Notes
Turn   | Place    | Note
-------+----------+-------------------------------------------
     0 | D        | mhtbhm the Draconian Berserker began the quest for the Orb.
     0 | D        | Reached XP level 1. HP: 19/19 MP: 1/1
    12 | D        | Reached ** piety under Trog
    71 | D        | Noticed an iguana
    71 | D        | Noticed a phantom
    71 | D        | Noticed a sky beast
    75 | D        | Killed a sky beast
    76 | D        | Reached skill level 5 in Long Blades
    76 | D        | Reached skill level 5 in Dodging
    76 | D        | Reached XP level 2. HP: 30/30 MP: 2/2
    76 | D        | Reached XP level 3. HP: 37/37 MP: 3/3
    76 | D        | Reached XP level 4. HP: 44/44 MP: 4/4
    85 | D        | Killed a phantom
    85 | D        | Reached *** piety under Trog
    86 | D        | Reached XP level 5. HP: 52/52 MP: 5/5
   115 | D        | Found a snail-covered altar of Cheibriados.
   115 | D        | Found a shadowy altar of Dithmenos.
   115 | D        | Found a white marble altar of Elyvilon.
   115 | D        | Found a blossoming altar of Fedhas.
   115 | D        | Found an opulent altar of Gozag.
   116 | D        | Found a hazy altar of Hepliaklqana.
   117 | D        | Found a viscous altar of Jiyva.
   118 | D        | Found an ancient bone altar of Kikubaaqudgha.
   119 | D        | Found a corrupted altar of Lugonu.
   120 | D        | Found a burning altar of Makhleb.
   121 | D        | Found a sparkling altar of Nemelex Xobeh.
   122 | D        | Found an iron altar of Okawaru.
   123 | D        | Found a stormy altar of Qazlal.
   124 | D        | Found a sacrificial altar of Ru.
   125 | D        | Found a shimmering blue altar of Sif Muna.
   126 | D        | Found a bloodstained altar of Trog.
   127 | D        | Found a hide-covered altar of Uskayaw.
   128 | D        | Found a radiant altar of Vehumet.
   129 | D        | Found an ornate altar of the Wu Jian Council.
   130 | D        | Found a shimmering altar of Xom.
   131 | D        | Found a basalt altar of Yredelemnul.
   132 | D        | Found a glowing silver altar of Zin.
   133 | D        | Found a glowing golden altar of the Shining One.
   205 | D        | Noticed an orc warrior
   205 | D        | Noticed a two-headed ogre
   205 | D        | Noticed a vampire
   205 | D        | Noticed an acid dragon
   205 | D        | Noticed a two-headed ogre
   212 | D        | Killed a two-headed ogre
   212 | D        | Reached **** piety under Trog
   213 | D        | Reached skill level 10 in Fighting
   213 | D        | Reached skill level 10 in Long Blades
   213 | D        | Reached XP level 6. HP: 51/67 MP: 6/6
   213 | D        | Your scales start taking on a golden yellow colour.
   213 | D        | Reached XP level 7. HP: 55/73 MP: 7/7
   213 | D        | Gained mutation: You are resistant to acid. (rCorr) [Yellow
                  | Draconian growth]
   226 | D        | Killed a vampire
   227 | D        | Reached XP level 8. HP: 48/82 MP: 8/8
   234 | D        | Killed a two-headed ogre
   235 | D        | Reached skill level 10 in Dodging
   408 | D        | Noticed a tengu warrior
   408 | D        | Noticed a cyclops
   408 | D        | Noticed a brown ugly thing
   408 | D        | Noticed a death knight
   408 | D        | Noticed a deep elf pyromancer
   408 | D        | Noticed a slime creature
   414 | D        | Killed a slime creature
   415 | D        | Reached XP level 9. HP: 92/92 MP: 9/9
   418 | D        | Killed a deep elf pyromancer
   418 | D        | Reached ***** piety under Trog
   429 | D        | Slain by a death knight

Illustrated notes

Levels and vault maps discovered:
D:        linesprint [early_d, line_temple, items_1, d_10, items_2, lair_1,
          lair_end, items_3, orc_1, orc_end, items_4, d_15, swamp_1, shoals_1,
          snake_1, spider_1, d_20, vaults_1, items_5, swamp_end, shoals_end,
          snake_end, spider_end, vaults_end, d_27, items_6, zot_1, zot_end,
          crypt_end, forest_end, elf_end, slime_end, tomb_end, abyss_end,
          pan_hell_end]

Skill      XL: |  1  2  3  4  5  6  7  8  9 |
---------------+----------------------------+-----
Dodging        | 5 6 9 10 11 | 11.0
Fighting       | 6 7 10 11 12 13 | 13.1
Long Blades    | 5 7 10 11 13 | 13.7

Action                   |  1- 3 |  4- 6 |  7- 9 || total
-------------------------+-------+-------+-------++-------
Melee: Falchion          |    17 |    21 |       ||    38
       Tailslap          |     2 |     4 |     3 ||     9
       Scimitar          |       |     6 |    33 ||    39
       Punch             |       |       |     2 ||     2
Invok: Berserk           |     1 |     1 |     1 ||     3
       Brothers in Arms  |       |       |     1 ||     1
 Abil: Breathe Acid      |       |       |     2 ||     2
  Use: Potion            |       |       |     2 ||     2
Armor: Skin              |     4 |     4 |     2 ||    10
Dodge: Dodged            |     9 |    11 |    12 ||    32

Table legend: (Time is in decaauts)
 A = Elapsed time spent in this place.
 B = Non-inter-level travel time spent in this place.
 C = Inter-level travel time spent in this place.
 D = Time resting spent in this place.
 E = Time spent auto-exploring this place.
 F = Levels seen in this place.
 G = Mean time per level.
                   A        B        C        D        E       F      G
               +--------+--------+--------+--------+--------+-----+--------+
         Total |    421 |    421 |      0 |    257 |      3 |   1 |  421.0 |
       Dungeon |    421 |    421 |      0 |    257 |      3 |   1 |  421.0 |
               +--------+--------+--------+--------+--------+-----+--------+

Top non-repeatable levels by time:
       D: 421 daAuts
